 Dungeon Crawl Stone Soup version 0.31-a0-675-g238779eb0a (webtiles) character file.

Game seed: 1187885360846599729

51 heikuro the Stinger (level 4, -1/30 HPs)
             Began as a Formicid Venom Mage on Sept 5, 2023.
             Was a Believer of Vehumet.
             Killed from afar by Sigmund (5 damage)
             ... with a magic dart
             ... on level 2 of the Dungeon.
             The game lasted 00:06:54 (1908 turns).

heikuro the Stinger (Formicid Venom Mage)           Turns: 1908, Time: 00:06:55

Health: -1/30      AC:  2    Str: 12    XL:     4   Next: 5%
Magic:  5/7        EV: 12    Int: 17    God:    Vehumet [**....]
Gold:   65         SH:  0    Dex: 14    Spells: 1/8 levels left

rFire   . . .        (no weapon)
rCold   . . .        (no shield)
rNeg    . . .        a - +0 robe
rPois   .            (helmet unavailable)
rElec   .            (no cloak)
rCorr   +            (no gloves)
SInv    +            (no boots)
Will    .....        (no amulet)
Stlth   ++           h - ring of resist corrosion
HPRegen 0.25/turn    (no ring)
MPRegen 0.10/turn

%: no passive effects
@: no status effects
A: permanent stasis, dig shafts and tunnels, antennae 3, four strong arms
a: Dig, Shaft Self, Renounce Religion


You were on level 2 of the Dungeon.
You worshipped Vehumet.
Vehumet was pleased with you.
You visited 1 branch of the dungeon, and saw 2 of its levels.

You collected 65 gold pieces.

Inventory:

Hand Weapons
 c - a +0 dagger
Missiles
 e - a throwing net
Armour
 a - a +0 robe (worn)
Jewellery
 h - a ring of resist corrosion (left hand)
Scrolls
 d - a scroll of noise {unknown}
 g - 2 scrolls of identify {unknown}
Potions
 b - a potion of magic
 f - a potion of degeneration {unknown}
 i - 2 potions of curing {unknown}


   Skills:
 - Level 2.0 Dodging
 + Level 3.0 Stealth
 + Level 2.5 Spellcasting
 + Level 2.0 Transmutations
 * Level 4.9 Poison Magic


You had one spell level left.
You knew the following spells:

 Your Spells              Type           Power      Damage    Failure   Level
a - Sting                 Tmut/Pois      56%        1d5       4%          1
b - Poisonous Vapours     Pois/Air       20%        N/A       10%         2
c - Olgreb's Toxic Radia  Pois           19%        N/A       24%         4

Your spell library contained the following spells:

 Spells                   Type           Power      Damage    Failure   Level
 Foxfire                  Conj/Fire      8%         2x1d4     19%         1
 Necrotise                Necr           8%         1d4       19%         1
 Mephitic Cloud           Conj/Pois/Air  7%         N/A       28%         3
 Vampiric Draining        Necr           2%         2d6       50%         3
 Volatile Blastmotes      Fire/Tloc      4%         2d10      50%         3
 Fulminant Prism          Conj/Hex       1%         3d5       88%         4
 Iskenderun's Mystic Bla  Conj/Tloc      2%         2d3       88%         4
 Agony                    Necr           2%         N/A       99%         5


Dungeon Overview and Level Annotations

Branches:
Dungeon (2/15)

Altars:
Vehumet

Annotations:
D:2 Sigmund


Innate Abilities, Weirdness & Mutations

You cannot be hasted, slowed, berserked, paralysed or teleported.
You can dig through walls and to a lower floor.
You have a pair of large antennae on your head. (SInv)
Your four strong arms can wield two-handed weapons with a shield.


Message History

Press: ? - help, Shift-Dir - straight line, f/p - Sigmund
Aim: Sigmund, wielding a +1 scythe of freezing and wearing a +2 robe of willpower (lightly wounded, poisoned, 68% to hit)
The sting hits Sigmund.
Sigmund looks even sicker.
Sigmund is moderately wounded.
Sigmund hits you from afar with a +1 scythe of freezing.
Sigmund freezes you. Sigmund casts a spell at you. You resist with some effort.
Casting: Sting (safe; 4% risk of failure)
Confirm with . or Enter, or press ? or * to list all spells.
Aiming: Sting (safe; 4% risk of failure)
Press: ? - help, Shift-Dir - straight line, f/p - Sigmund
Aim: Sigmund, wielding a +1 scythe of freezing and wearing a +2 robe of willpower (moderately wounded, very poisoned, 68% to hit)
The sting misses Sigmund.
Sigmund attacks as he pursues you!
Sigmund hits you from afar with a +1 scythe of freezing!
* * * LOW HITPOINT WARNING * * *
Sigmund freezes you.
* * * LOW HITPOINT WARNING * * *
Casting: Sting (safe; 4% risk of failure)
Confirm with . or Enter, or press ? or * to list all spells.
Aiming: Sting (safe; 4% risk of failure)
Press: ? - help, Shift-Dir - straight line, f/p - Sigmund
Aim: Sigmund, wielding a +1 scythe of freezing and wearing a +2 robe of willpower (moderately wounded, poisoned, 68% to hit)
The sting hits Sigmund but does no damage.
Sigmund looks even sicker.
Sigmund is moderately wounded.
Sigmund is nearby!
Sigmund attacks as he pursues you! Sigmund misses you.
Sigmund casts a spell at you. The magic dart hits you.
* * * LOW HITPOINT WARNING * * *
Sigmund casts a spell at you. The magic dart hits you.
* * * LOW HITPOINT WARNING * * *
You see here a +0 dagger.
Sigmund gestures at you while chanting. The magic dart hits you.
You die...
Sigmund begins carving another notch in his scythe.

#.........# ##+###....
#########.# #.### #.#
...####.# #@##
.#......### #####..##
.#.#####... #.......#
##.#.#...#.##
#.......###..#.#..##.##
#.....).+...##.#(....##
#.....@.#>.....#'######
#.......##..)..........
#.....<..'.........####
#.......##.........####
#.......##.........#...
#.......####'###'#.#.##
######### #.# #.#.#..#
#.###.#.#...
#.#...#.#...


You could see Sigmund (poisoned).

Vanquished Creatures
  An adder (D:2)
  A dart slug (D:1)
  3 bats
  6 endoplasms (D:1)
  2 giant cockroaches
  4 goblins
  A hobgoblin (D:1)
  6 kobolds
  A quokka (D:1)
  7 ball pythons
  A frilled lizard (D:1)
  3 rats
36 creatures vanquished.

Notes
Turn   | Place    | Note
-------+----------+-------------------------------------------
     0 | D:1      | heikuro the Formicid Venom Mage began the quest for the
                  | Orb.
     0 | D:1      | Reached XP level 1. HP: 13/13 MP: 3/3
   287 | D:1      | Reached XP level 2. HP: 19/19 MP: 3/5
   483 | D:1      | Found a faded altar of an unknown god.
   489 | D:1      | Prayed at the altar of an unknown god.
   489 | D:1      | Became a worshipper of Vehumet
   489 | D:1      | Reached * piety under Vehumet
   489 | D:1      | Offered knowledge of Shock by Vehumet.
   494 | D:1      | Learned a level 2 spell: Poisonous Vapours
   865 | D:1      | Reached XP level 3. HP: 16/24 MP: 3/6
  1688 | D:2      | Reached ** piety under Vehumet
  1688 | D:2      | Offered knowledge of Foxfire by Vehumet.
  1729 | D:2      | Reached XP level 4. HP: 30/30 MP: 5/7
  1782 | D:2      | Learned a level 4 spell: Olgreb's Toxic Radiance
  1804 | D:2      | Noticed Sigmund
  1908 | D:2      | Killed from afar by Sigmund

Illustrated notes

Levels and vault maps discovered:
D:1:      wander_arrival_fairy_ring, layout_basic,
          shapermc_ecumenical_altar_hornbeckon
D:2:      layout_basic, minivault_26, uniq_sigmund

Skill      XL: |  1  2  3 |
---------------+----------+-----
Dodging        | 2 |  2.0
Stealth        | 3 |  3.0
Transmutations | 2 |  2.0
Spellcasting   | |  2.5
Poison Magic   | |  4.9

Action                     |  1- 3 |  4- 6 || total
---------------------------+-------+-------++-------
  Melee: Unarmed           |    23 |       ||    23
   Cast: Sting             |    45 |     7 ||    52
         Poisonous Vapours |     4 |     2 ||     6
Ability: Dig               |     1 |       ||     1
 Armour: Robe              |    24 |     7 ||    31
  Dodge: Dodged            |    21 |     2 ||    23

Table legend: (Time is in decaauts)
 A = Elapsed time spent in this place.
 B = Non-inter-level travel time spent in this place.
 C = Inter-level travel time spent in this place.
 D = Time resting spent in this place.
 E = Time spent auto-exploring this place.
 F = Levels seen in this place.
 G = Mean time per level.
                   A        B        C        D        E       F      G
               +--------+--------+--------+--------+--------+-----+--------+
         Total |   1912 |   1843 |     69 |    158 |   1159 |   2 |  956.0 |
       Dungeon |   1912 |   1843 |     69 |    158 |   1159 |   2 |  956.0 |
               +--------+--------+--------+--------+--------+-----+--------+

Top non-repeatable levels by time:
     D:1: 1458 daAuts
     D:2: 454 daAuts
